PL
BUCKHEAD BOWTIES @ CHICAGO GOLD SOX
09/17/2023
 
TOP OF THE 1ST
Buckhead Bowties batting - Pitching for Chicago Gold Sox : LHP Lorenzo Sánchez
Pitching: LHP Lorenzo Sánchez
Batting: RHB Enrique Marroquín 0-0: Ball
1-0: Foul Ball, location: 2F
1-1: Called Strike
1-2: Ball
2-2: DOUBLE (Line Drive, 5L)
Batting: LHB Gregg Young 0-0: SINGLE (Groundball, 56D)
Enrique Marroquín to third
Batting: LHB Tony Martínez 0-0: Fly out, F7 (Flyball, 7D)
Runner from 3rd tags up, SCORES, no throw
Batting: LHB Neil Lawson 0-0: Fly out, F7 (Flyball, 7S)
Batting: RHB Phil Baker 0-0: Ball
1-0: Called Strike
1-1: Foul Ball, location: 2F
1-2: Foul Ball, location: 2F
1-2: Foul Ball, location: 2F
1-2: Ball
2-2: Foul Ball, location: 2F
2-2: Ball
3-2: Reached on error, E5 (Groundball, 5S)
Gregg Young to second
Batting: RHB Gabriel Rodríguez 0-0: Ball
1-0: Called Strike
1-1: Called Strike
1-2: Ball
2-2: Ball
3-2: Foul Ball, location: 2F
3-2: Base on Balls
Gregg Young to third
Phil Baker to second
Batting: RHB Won-min Yi 0-0: Called Strike
0-1: Ball
1-1: Ball
2-1: Foul Ball, location: 2F
2-2: Strikes out looking
Top of the 1st over - 1 run(s), 2 hit(s), 1 error(s), 3 left on base; Buckhead 1 - Chicago 0
BOTTOM OF THE 1ST
Chicago Gold Sox batting - Pitching for Buckhead Bowties : RHP Ricardo DePay
Pitching: RHP Ricardo DePay
Batting: LHB Noel Ballard 0-0: Called Strike
0-1: Foul Ball, location: 2F
0-2: Foul Ball, location: 2F
0-2: Ball
1-2: SINGLE (Groundball, 34D)
Batting: LHB Melvin Castro 0-0: Swinging Strike
0-1: Ball
Noel Ballard is caught stealing 2nd base
1-1: Ball
2-1: Ball
3-1: SINGLE (Flyball, 89S)
Batting: LHB Michael Neely 0-0: Called Strike
0-1: Ball
1-1: Ball
2-1: Ball
3-1: Called Strike
3-2: Base on Balls
Melvin Castro to second
Batting: LHB William Wise 0-0: Called Strike
0-1: DOUBLE (Line Drive, 78D)
Melvin Castro scores
Michael Neely to third
Batting: LHB Michael Greene 0-0: Ball
1-0: Ball
2-0: Fly out, F9 (Flyball, 9D)
Runner from 3rd tags up, SCORES, no throw
William Wise to third
Batting: RHB Rod Jones 0-0: Ground out 4-3 (Groundball, 4)
Bottom of the 1st over - 2 run(s), 3 hit(s), 0 error(s), 1 left on base; Buckhead 1 - Chicago 2
TOP OF THE 2ND
Buckhead Bowties batting - Pitching for Chicago Gold Sox : LHP Lorenzo Sánchez
Batting: RHB Pedro Morales 0-0: Hit by Pitch
Batting: RHB Domingo García 0-0: Ball
1-0: Ball
2-0: Called Strike
2-1: Called Strike
2-2: SINGLE (Line Drive, 8RS)
Pedro Morales to second
Batting: RHB Enrique Marroquín 0-0: Foul Ball, location: 2F
0-1: Foul Ball, location: 2F
0-2: Ball
1-2: Foul Ball, location: 2F
1-2: Ball
2-2: Ball
3-2: Fly out, F7 (Flyball, 78D)
Batting: LHB Gregg Young 0-0: Called Strike
0-1: Fly out, F7 (Flyball, 7LS)
Batting: LHB Tony Martínez 0-0: Called Strike
0-1: Ball
1-1: Swinging Strike
1-2: Strikes out swinging
Top of the 2nd over - 0 run(s), 1 hit(s), 0 error(s), 2 left on base; Buckhead 1 - Chicago 2
BOTTOM OF THE 2ND
Chicago Gold Sox batting - Pitching for Buckhead Bowties : RHP Ricardo DePay
Batting: LHB Sam Good 0-0: Foul Ball, location: 2F
0-1: Called Strike
0-2: Ball
1-2: SINGLE (Flyball, 89S)
Batting: LHB Eddie Flynn 0-0: Foul Ball, location: 2F
0-1: Ball
1-1: Foul Ball, location: 2F
1-2: Fly out, F7 (Flyball, 78S)
Batting: RHB David Edwards 0-0: Ball
1-0: Called Strike
1-1: Foul Ball, location: 2F
1-2: SINGLE (Line Drive, 8LS)
Sam Good to second
Batting: LHB Noel Ballard 0-0: Called Strike
0-1: Ball
1-1: Ball
2-1: Called Strike
2-2: Ball
3-2: Base on Balls
Sam Good to third
David Edwards to second
Batting: LHB Melvin Castro 0-0: Ball
1-0: Ball
2-0: Ball
3-0: Called Strike
3-1: Base on Balls
Sam Good scores
David Edwards to third
Noel Ballard to second
Batting: LHB Michael Neely 0-0: Foul Ball, location: 2F
0-1: Grounds into double play, 4-6-3 (Groundball, 4)
Bottom of the 2nd over - 1 run(s), 2 hit(s), 0 error(s), 2 left on base; Buckhead 1 - Chicago 3
TOP OF THE 3RD
Buckhead Bowties batting - Pitching for Chicago Gold Sox : LHP Lorenzo Sánchez
Batting: LHB Neil Lawson 0-0: Fly out, F6 (Popup, 6MD)
Batting: RHB Phil Baker 0-0: Ball
1-0: Ground out 5-3 (Groundball, 15S)
Batting: RHB Gabriel Rodríguez 0-0: Called Strike
0-1: Ball
1-1: Foul Ball, location: 2F
1-2: Fly out, F7 (Flyball, 7D)
Top of the 3rd over - 0 run(s), 0 hit(s), 0 error(s), 0 left on base; Buckhead 1 - Chicago 3
BOTTOM OF THE 3RD
Chicago Gold Sox batting - Pitching for Buckhead Bowties : RHP Ricardo DePay
Batting: LHB William Wise 0-0: Ball
1-0: Ball
2-0: Ball
3-0: Ground out 1-3 (Groundball, 13)
Batting: LHB Michael Greene 0-0: Foul Ball, location: 2F
0-1: SOLO HOME RUN (Line Drive, 9D), Distance : 393 ft
Batting: RHB Rod Jones 0-0: SINGLE (Flyball, 8LS)
Batting: LHB Sam Good 0-0: Foul Ball, location: 2F
0-1: Ball
1-1: Ground out 3-1 (Groundball, 34)
Rod Jones to second
Batting: LHB Eddie Flynn 0-0: Ball
1-0: Ball
2-0: Called Strike
2-1: Foul Ball, location: 2F
2-2: Ball
3-2: Ground out 4-3 (Groundball, 4)
Bottom of the 3rd over - 1 run(s), 2 hit(s), 0 error(s), 1 left on base; Buckhead 1 - Chicago 4
TOP OF THE 4TH
Buckhead Bowties batting - Pitching for Chicago Gold Sox : LHP Lorenzo Sánchez
Batting: RHB Won-min Yi 0-0: Bunt for hit - play at first, batter OUT! 1-3
Batting: RHB Pedro Morales 0-0: Called Strike
0-1: SINGLE (Line Drive, 8LS)
Batting: RHB Domingo García 0-0: Called Strike
0-1: Ball
1-1: Ball
2-1: Foul Ball, location: 2F
2-2: Foul Ball, location: 2F
2-2: Fly out, F8 (Flyball, 8RXD)
Batting: RHB Enrique Marroquín 0-0: Called Strike
0-1: Foul Ball, location: 2F
0-2: Ball
1-2: Foul Ball, location: 2F
1-2: Ball
Pedro Morales steals 2nd base
2-2: Ball
3-2: Foul Ball, location: 2F
3-2: Fly out, F9 (Line Drive, 9M)
Top of the 4th over - 0 run(s), 1 hit(s), 0 error(s), 1 left on base; Buckhead 1 - Chicago 4
BOTTOM OF THE 4TH
Chicago Gold Sox batting - Pitching for Buckhead Bowties : RHP Ricardo DePay
Batting: RHB David Edwards 0-0: Ball
1-0: Swinging Strike
1-1: Ground out 6-3 (Groundball, 6D)
Batting: LHB Noel Ballard 0-0: Ball
1-0: Ball
2-0: Ball
3-0: Base on Balls
Batting: LHB Melvin Castro 0-0: Ball
1-0: Ball
2-0: Foul Ball, location: 2F
2-1: SINGLE (Groundball, 4MD) (infield hit)
Noel Ballard to second
Batting: LHB Michael Neely 0-0: Ball
1-0: Ball
2-0: Ball
3-0: Base on Balls
Noel Ballard to third
Melvin Castro to second
Batting: LHB William Wise 0-0: Called Strike
0-1: Foul Ball, location: 2F
0-2: Ball
1-2: SINGLE (Groundball, 5D)
Noel Ballard scores
Melvin Castro to third
Michael Neely to second
Pitching: RHP Orlando Miranda
Batting: LHB Michael Greene 0-0: Called Strike
0-1: Ball
1-1: Ball
2-1: Swinging Strike
2-2: Fly out, F9 (Flyball, 89D)
Runner from 3rd tags up, SCORES, no throw
Batting: RHB Rod Jones 0-0: Ball
1-0: Foul Ball, location: 2F
1-1: Called Strike
1-2: Ground out 6-3 (Groundball, 6)
Bottom of the 4th over - 2 run(s), 2 hit(s), 0 error(s), 2 left on base; Buckhead 1 - Chicago 6
TOP OF THE 5TH
Buckhead Bowties batting - Pitching for Chicago Gold Sox : LHP Lorenzo Sánchez
Batting: LHB Gregg Young 0-0: Called Strike
0-1: Ball
1-1: Called Strike
1-2: Strikes out swinging
Batting: LHB Tony Martínez 0-0: Called Strike
0-1: Foul Ball, location: 2F
0-2: Ground out 4-3 (Groundball, 4)
Batting: LHB Neil Lawson 0-0: Ball
1-0: Fly out, F6 (Popup, 6D)
Top of the 5th over - 0 run(s), 0 hit(s), 0 error(s), 0 left on base; Buckhead 1 - Chicago 6
BOTTOM OF THE 5TH
Chicago Gold Sox batting - Pitching for Buckhead Bowties : RHP Orlando Miranda
Batting: LHB Sam Good 0-0: Ball
1-0: Called Strike
1-1: Swinging Strike
1-2: Ball
2-2: Strikes out swinging
Batting: LHB Eddie Flynn 0-0: Foul Ball, location: 2F
0-1: SOLO HOME RUN (Flyball, 9LD), Distance : 340 ft
Batting: RHB David Edwards 0-0: Fly out, F8 (Flyball, 78XD)
Batting: LHB Noel Ballard 0-0: Called Strike
0-1: Foul Ball, location: 2F
0-2: Ball
1-2: SINGLE (Groundball, 56D)
Batting: LHB Melvin Castro 0-0: Called Strike
0-1: Ball
1-1: Foul Ball, location: 2F
1-2: Foul Ball, location: 2F
1-2: Ball
2-2: Ball
3-2: Base on Balls
Noel Ballard to second
Batting: LHB Michael Neely 0-0: Ball
1-0: Ball
2-0: Called Strike
2-1: Ball
3-1: Base on Balls
Noel Ballard to third
Melvin Castro to second
Pitching: RHP Jorge Cantú
Batting: LHB William Wise 0-0: Called Strike
0-1: Foul Ball, location: 2F
0-2: Strikes out swinging
Bottom of the 5th over - 1 run(s), 2 hit(s), 0 error(s), 3 left on base; Buckhead 1 - Chicago 7
TOP OF THE 6TH
Buckhead Bowties batting - Pitching for Chicago Gold Sox : LHP Lorenzo Sánchez
Pitching: RHP Augusto Dávila
Batting: RHB Phil Baker 0-0: Called Strike
0-1: Foul Ball, location: 2F
0-2: Foul Ball, location: 2F
0-2: Foul Ball, location: 2F
0-2: Foul Ball, location: 2F
0-2: Ball
1-2: Ball
2-2: Foul Ball, location: 2F
2-2: Strikes out swinging
Batting: RHB Gabriel Rodríguez 0-0: Ball
1-0: Called Strike
1-1: Ball
2-1: Foul Ball, location: 2F
2-2: Ground out 4-3 (Groundball, 4M)
Batting: RHB Won-min Yi 0-0: TRIPLE (Line Drive, 89M)
Batting: RHB Pedro Morales 0-0: Swinging Strike
0-1: Fly out, F9 (Flyball, 9D)
Top of the 6th over - 0 run(s), 1 hit(s), 0 error(s), 1 left on base; Buckhead 1 - Chicago 7
BOTTOM OF THE 6TH
Chicago Gold Sox batting - Pitching for Buckhead Bowties : RHP Jorge Cantú
Batting: LHB Michael Greene 0-0: Ball
1-0: Swinging Strike
1-1: Called Strike
1-2: Ball
2-2: Ball
3-2: Base on Balls
Batting: RHB Rod Jones 0-0: Foul Ball, location: 2F
0-1: Ball
1-1: Ball
2-1: Ball
3-1: Base on Balls
Michael Greene to second
Batting: LHB Sam Good 0-0: 3-RUN HOME RUN (Flyball, 9LD), Distance : 340 ft
Pitching: RHP Mike Humphrey
Batting: LHB Eddie Flynn 0-0: SINGLE (Groundball, 4MD)
Batting: RHB David Edwards 0-0: Ball
1-0: Called Strike
1-1: Ball
2-1: Foul Ball, location: 2F
2-2: Ball
3-2: Foul Ball, location: 2F
3-2: Base on Balls
Eddie Flynn to second
Batting: LHB Noel Ballard 0-0: Fly out, F4 (Line Drive, 4)
Batting: LHB Melvin Castro 0-0: Ball
1-0: Foul Ball, location: 2F
1-1: Swinging Strike
1-2: Ball
2-2: Ground out 5-3 (Groundball, 5S)
Eddie Flynn to third
David Edwards to second
Batting: LHB Michael Neely 0-0: Called Strike
0-1: Ball
1-1: Ground out 4-3 (Groundball, 4)
Bottom of the 6th over - 3 run(s), 2 hit(s), 0 error(s), 2 left on base; Buckhead 1 - Chicago 10
TOP OF THE 7TH
Buckhead Bowties batting - Pitching for Chicago Gold Sox : RHP Augusto Dávila
Batting: RHB Domingo García 0-0: Called Strike
0-1: Ball
1-1: Swinging Strike
1-2: Ball
2-2: Ground out 6-3 (Groundball, 56)
Batting: RHB Enrique Marroquín 0-0: Called Strike
0-1: Foul Ball, location: 2F
0-2: Ball
1-2: Ball
2-2: Fly out, F5 (Line Drive, 5S)
Batting: LHB Gregg Young 0-0: Called Strike
0-1: Ball
1-1: Ball
2-1: Fly out, F7 (Popup, 7S)
Top of the 7th over - 0 run(s), 0 hit(s), 0 error(s), 0 left on base; Buckhead 1 - Chicago 10
BOTTOM OF THE 7TH
Chicago Gold Sox batting - Pitching for Buckhead Bowties : RHP Mike Humphrey
Batting: LHB William Wise 0-0: Called Strike
0-1: Called Strike
0-2: SINGLE (Line Drive, 9S)
Batting: LHB Michael Greene 0-0: SINGLE (Groundball, 56D)
William Wise to second
Batting: RHB Rod Jones 0-0: Ball
1-0: Ball
2-0: Called Strike
2-1: Swinging Strike
2-2: Foul Ball, location: 2F
2-2: Fielders Choice at 2nd, 3-6 (Groundball, 34)
William Wise to third
Batting: LHB Sam Good 0-0: Ball
Throwing error on steal attempt, E2
William Wise scores
Rod Jones to third
1-0: Ball
2-0: Called Strike
2-1: SINGLE (Line Drive, 56)
Rod Jones scores
Batting: LHB Eddie Flynn 0-0: Called Strike
0-1: Foul Ball, location: 2F
0-2: Hit by Pitch
Sam Good to second
Batting: RHB David Edwards 0-0: Ball
1-0: Swinging Strike
1-1: Fly out, F8 (Flyball, 8LXD)
Runner from 2nd tags up, SAFE at 3rd, no throw
Batting: LHB Noel Ballard 0-0: Foul Ball, location: 2F
0-1: SINGLE (Line Drive, 6MD)
Sam Good scores
Eddie Flynn to second
Batting: LHB Melvin Castro 0-0: Called Strike
0-1: Ball
1-1: Foul Ball, location: 2F
1-2: Ball
2-2: Ground out 4-3 (Groundball, 4)
Bottom of the 7th over - 3 run(s), 4 hit(s), 1 error(s), 2 left on base; Buckhead 1 - Chicago 13
TOP OF THE 8TH
Buckhead Bowties batting - Pitching for Chicago Gold Sox : RHP Augusto Dávila
Batting: LHB Tony Martínez 0-0: Called Strike
0-1: Called Strike
0-2: Strikes out swinging
Pinch Hitting: RHB Joe Andrews 0-0: Called Strike
0-1: Called Strike
0-2: Ball
1-2: Strikes out swinging
Batting: RHB Phil Baker 0-0: Called Strike
0-1: Foul Ball, location: 2F
0-2: Ball
1-2: Ball
2-2: Fly out, F8 (Flyball, 8LM)
Top of the 8th over - 0 run(s), 0 hit(s), 0 error(s), 0 left on base; Buckhead 1 - Chicago 13
BOTTOM OF THE 8TH
Chicago Gold Sox batting - Pitching for Buckhead Bowties : RHP Mike Humphrey
Pitching: LHP Chris Rogers
Now in LF: Harrison Jones
Batting: LHB Michael Neely 0-0: Called Strike
0-1: Called Strike
0-2: Ground out 4-3 (Groundball, 4)
Batting: LHB William Wise 0-0: Foul Ball, location: 2F
0-1: Swinging Strike
0-2: Strikes out looking
Batting: LHB Michael Greene 0-0: Called Strike
0-1: Foul Ball, location: 2F
0-2: Strikes out swinging
Bottom of the 8th over - 0 run(s), 0 hit(s), 0 error(s), 0 left on base; Buckhead 1 - Chicago 13
TOP OF THE 9TH
Buckhead Bowties batting - Pitching for Chicago Gold Sox : RHP Augusto Dávila
Pitching: LHP Juan Júlio
Batting: RHB Gabriel Rodríguez 0-0: Foul Ball, location: 2F
0-1: Swinging Strike
0-2: Ball
1-2: Ball
2-2: Strikes out swinging
Batting: RHB Won-min Yi 0-0: Called Strike
0-1: Foul Ball, location: 2F
0-2: Strikes out looking
Batting: RHB Pedro Morales 0-0: Ball
1-0: Ball
2-0: Called Strike
2-1: Ground out 5-3 (Groundball, 5L)
Top of the 9th over - 0 run(s), 0 hit(s), 0 error(s), 0 left on base; Buckhead 1 - Chicago 13
This league is powered by Out of the Park Baseball, the baseball management simulation game for PC, Mac and Linux
Friday, July 8th, 2016 - OOTP Baseball 16.9 Build 39